 Dungeon Crawl Stone Soup version 0.25-a0-696-g42a9e46d90 (webtiles) character file.

Game seed: 2678262326968656793, levelgen mode: deterministic

26377 Loge the Destroyer (level 13, -2/79 HPs)
             Began as a Tengu Air Elementalist on Mar 31, 2020.
             Was a Priest of Vehumet.
             Slain by a blink frog (14 damage)
             ... on level 6 of the Lair of Beasts.
             The game lasted 01:41:24 (24500 turns).

Loge the Destroyer (Tengu Air Elementalist)        Turns: 24500, Time: 01:41:25

Health: -2/79      AC:  7    Str: 12    XL:     13   Next: 25%
Magic:  1/27       EV: 22    Int: 22    God:    Vehumet [***...]
Gold:   1005       SH:  8    Dex: 16    Spells: 19/31 levels left

rFire    . . .     SeeInvis .   a - +3 dagger (venom)
rCold    . . .     Gourm    .   N - +0 buckler
rNeg     . . .     Faith    .   O - +1 leather armour of Tayninye {+Fly Str+3 Int+2 Dex-4}
rPois    .         Spirit   .   (helmet restricted)
rElec    .         Reflect  +   B - +2 cloak {MR+}
rCorr    .         Harm     .   (no gloves)
MR       +....                  (boots unavailable)
Stlth    ++........             b - +3 amulet of reflection
HPRegen  0.23/turn              g - +5 ring of dexterity
MPRegen  0.20/turn              (no ring)

@: flying quickly and evasively, quick
A: beak, talons 3, able to fly
a: Stop Flying, Renounce Religion


You were on level 6 of the Lair of Beasts.
You worshipped Vehumet.
Vehumet was most pleased with you.
You were not hungry.

You visited 3 branches of the dungeon, and saw 17 of its levels.

You collected 1005 gold pieces.

Inventory:

Hand Weapons
 a - a +3 dagger of venom (weapon)
Missiles
 s - 8 curare-tipped darts (quivered)
 v - 49 poisoned darts
 x - 5 silver boomerangs
 D - 2 throwing nets {!f}
Armour
 B - a +2 cloak of magic resistance (worn)
 E - the +1 robe "Lotuinoth" {rPois rN+ Int-5}
   (You found it on level 4 of the Dungeon)

   It affects your intelligence (-5).
   It protects you from poison.
   It protects you from negative energy.
 N - a +0 buckler (worn)
 O - the +1 leather armour of Tayninye (worn) {+Fly Str+3 Int+2 Dex-4}
   (You found it on level 6 of the Dungeon)

   It affects your strength (+3).
   It affects your intelligence (+2).
   It affects your dexterity (-4).
   It lets you fly.
Jewellery
 b - a +3 amulet of reflection (around neck)
 g - a +5 ring of dexterity (left hand)
 z - an uncursed ring of ice
 P - an uncursed ring of fire
Wands
 q - a wand of flame (52)
 y - a wand of disintegration (24)
 C - a wand of enslavement (31)
 I - a wand of paralysis (9)
 J - a wand of polymorph (18)
 M - a wand of iceblast (11)
 S - a wand of acid (6)
Scrolls
 d - a scroll of enchant weapon
 h - a scroll of fear
 i - 12 scrolls of remove curse {@r2}
 j - 3 scrolls of magic mapping
 k - 3 scrolls of immolation {!r}
 l - 3 scrolls of teleportation {@r3}
 m - 2 scrolls of fog {unknown}
 n - 2 scrolls of blinking {unknown}
 o - a scroll of noise {unknown}
 u - a scroll of enchant armour {unknown}
 G - a scroll of silence {unknown}
 R - a scroll of holy word {unknown}
 T - 5 scrolls of identify {@r1}
Potions
 e - 3 potions of might
 f - 2 potions of invisibility
 p - 7 potions of curing {@q1}
 r - 3 potions of stabbing
 t - 2 potions of brilliance
 w - 3 potions of mutation {!q}
 A - 2 potions of lignification {!q}
 F - a potion of haste {@q3}
 H - 3 potions of heal wounds {@q2}
 K - a potion of magic
 L - 2 potions of cancellation
 Q - a potion of berserk rage {!q}
Comestibles
 c - 27 rations
 U - 8 chunks of flesh


   Skills:
 + Level 8.5 Fighting
 + Level 10.1 Dodging
 - Level 2.0 Stealth
 - Level 4.1 Shields
 + Level 9.9 Spellcasting
 + Level 13.5 Conjurations
 - Level 1.0 Translocations
 - Level 13.0 Air Magic


You had 19 spell levels left.
You knew the following spells:

 Your Spells              Type           Power        Failure   Level  Hunger
a - Shock                 Conj/Air       ####         1%          1    None
b - Airstrike             Air            ######....   1%          4    ##.....
c - Blink                 Tloc           N/A          8%          2    None
g - Lightning Bolt        Conj/Air       ######....   1%          5    ####...

Your spell library contained the following spells:

 Spells                   Type           Power        Failure   Level  Hunger
 Mephitic Cloud           Conj/Pois/Air  #####...     1%          3    None
 Magic Dart               Conj           ####         1%          1    None
 Searing Ray              Conj           ######       1%          2    None
 Swiftness                Chrm/Air       #####...     1%          2    None
 Conjure Flame            Conj/Fire      #####...     1%          3    None
 Dazzling Flash           Conj/Hex       #####.       1%          3    None
 Static Discharge         Conj/Air       ######..     1%          3    None
 Fulminant Prism          Conj/Hex       #####.....   1%          4    ##.....
 Iskenderun's Mystic Bla  Conj/Tloc      #####...     1%          4    ##.....
 Call Imp                 Summ           ##......     12%         2    None
 Slow                     Hex            ##......     12%         2    None


Dungeon Overview and Level Annotations

Branches:
Dungeon (10/15)            Temple (1/1) D:6            Lair (5/6) D:9
 Shoals (0/4) Lair:4        Snake (0/4) Lair:4
  Slime: Lair:5-6       Orc: D:9-12

Altars:
Ashenzari
Cheibriados
Dithmenos
Elyvilon
Fedhas
Gozag
Hepliaklqana
Kikubaaqudgha
Makhleb
Nemelex Xobeh
Okawaru
Qazlal
Ru
Sif Muna
Trog
Uskayaw
Vehumet
Wu Jian
Xom
Yredelemnul
Zin
The Shining One

Shops:
D:6 }

Annotations:
D:3 exclusion: 2 downstairs
D:8 1 runed translucent door, karf's ghost, novice GnWr
Lair:4 exclusion: oklob plant


Innate Abilities, Weirdness & Mutations

You have a beak for a mouth.
You have claws for feet.
You can fly continuously.


Message History

The blink frog hits you.
Unknown command.
You puncture the blink frog! You claw the blink frog.
The blink frog is moderately wounded.
The blink frog closely misses you. The blink frog hits you.
You closely miss the blink frog.
The blink frog is moderately wounded.
The blink frog misses you.
The blink frog blinks!
You miss the blink frog. Your kick misses the blink frog.
The blink frog is severely wounded.
The blink frog completely misses you.
The blink frog blinks!
The blink frog hits you!!
* * * LOW HITPOINT WARNING * * *
Evoke which item? (* to show all) (? for menu, Esc to quit)
Aiming: Disintegrate
Press: ? - help, Shift-Dir - straight line, f/p - blink frog
Aim: a blink frog (severely wounded, chance to defeat MR: 48%)
The blink frog resists with some effort.
The blink frog hits you!
You die...

### #.P#
##...#
#######...P#
#..........#
#P.........#
##........#
#..ยง...@..#
P.......F...#
............#
...........##
....F.?.....#
............#
......^....##
...........#


You could see 2 blink frogs.

Vanquished Creatures
  Josephine (Lair:4)
  4 hydras
  3 two-headed ogres
  A moth of wrath (Lair:4)
  4 elephants (Lair:3)
  5 black mambas
  5 spiny frogs
  3 komodo dragons
  3 rime drakes
  5 polar bears
  6 blink frogs
  7 hippogriffs
  A spriggan (Lair:2)
  6 wraiths
  2 basilisks (Lair:1)
  13 yaks
  A hungry ghost (D:10)
  14 water moccasins
  5 porcupines
  2 ice beasts
  4 sky beasts
  2 black bears
  An eye of draining (D:8)
  3 orc warriors
  A phantom (D:4)
  A necrophage (D:8)
  14 wolves
  3 ogres
  7 centaurs
  4 crocodiles
  A big kobold (D:7)
  17 bullfrogs
  A scorpion (D:8)
  A wyvern skeleton (D:6)
  A water moccasin skeleton (D:9)
  An electric eel (Lair:4)
  8 wights
  4 howler monkeys
  4 crimson imps
  3 bullfrog zombies
  3 hounds
  A jelly (D:9)
  4 orc wizards
  5 orc priests
  Crazy Yiuf (D:3)
  A bullfrog skeleton (D:6)
  6 iguanas
  9 worker ants
  A howler monkey zombie (D:9)
  A worker ant zombie (D:9)
  11 adders
  An adder zombie (D:9)
  7 worms
  3 dart slugs
  4 leopard geckos
  29 orcs
  8 bats
  8 giant cockroaches
  14 goblins
  4 hobgoblins
  10 jackals
  6 quokkas
  7 ball pythons
  6 frilled lizards
  10 kobolds
  A leopard gecko zombie (D:7)
  A quokka zombie (D:6)
  8 rats
  A fungus (Lair:4)
343 creatures vanquished.

Vanquished Creatures (others)
  A bush (D:9)
  9 fungi
  10 plants
20 creatures vanquished.

Grand Total: 363 creatures vanquished

Notes
Turn   | Place    | Note
-------+----------+-------------------------------------------
     0 | D:1      | Loge the Tengu Air Elementalist began the quest for the
                  | Orb.
     0 | D:1      | Reached XP level 1. HP: 10/10 MP: 4/4
   201 | D:1      | Reached XP level 2. HP: 15/15 MP: 0/6
   570 | D:1      | Reached XP level 3. HP: 17/19 MP: 0/7
  1636 | D:2      | Reached skill level 5 in Air Magic
  1636 | D:2      | Reached XP level 4. HP: 22/24 MP: 3/8
  1642 | D:2      | Learned a level 4 spell: Airstrike
  2283 | D:2      | Gained mutation: You can fly continuously. [Tengu growth]
  2283 | D:2      | Reached XP level 5. HP: 28/28 MP: 1/9
  3885 | D:3      | Found a runed translucent door,
  3886 | D:3      | Noticed Crazy Yiuf
  4211 | D:3      | Reached XP level 6. HP: 25/32 MP: 1/11
  4634 | D:3      | Killed Crazy Yiuf
  4739 | D:4      | Learned a level 5 spell: Lightning Bolt
  4751 | D:4      | Noticed a phantom
  4827 | D:4      | Reached skill level 5 in Conjurations
  4845 | D:4      | Killed a phantom
  4947 | D:4      | Found an iron altar of Okawaru,
  5195 | D:4      | Reached XP level 7. HP: 36/36 MP: 4/13
  6209 | D:5      | Entered Level 5 of the Dungeon
  7201 | D:6      | Reached XP level 8. HP: 41/41 MP: 9/15
  7833 | D:6      | Found Bokaikimn's Gadget Shoppe,
  7940 | D:6      | Reached skill level 5 in Dodging
  8180 | D:6      | Found a staircase to the Ecumenical Temple,
  8190 | Temple   | Entered the Ecumenical Temple
  8271 | Temple   | Became a worshipper of Vehumet
  8748 | D:7      | Found an iron altar of Okawaru,
  8753 | D:7      | Reached skill level 5 in Spellcasting
  9581 | D:7      | Reached XP level 9. HP: 38/45 MP: 4/17
  9732 | D:7      | Found a shimmering altar of Xom,
 10305 | D:6      | Got a crude leather armour
 10316 | D:6      | Identified the +1 leather armour of Tayninye {+Fly Str+3
                  | Int+2 Dex-4} (You found it on level 6 of the Dungeon)
 10519 | D:8      | Reached skill level 1 in Shields
 11026 | D:8      | Reached * piety under Vehumet
 11026 | D:8      | Offered knowledge of Sandblast by Vehumet.
 11312 | D:8      | Found a runed translucent door,
 11312 | D:8      | Noticed karf's ghost (novice GnWr)
 11312 | D:8      | Identified the cursed +0 robe of Responsibility {rN+}
 11312 | D:8      | Noticed a centaur warrior
 11347 | D:8      | Found a shimmering blue altar of Sif Muna,
 11347 | D:8      | Found a basalt altar of Yredelemnul,
 11348 | D:8      | Found an opulent altar of Gozag,
 11348 | D:8      | Found a burning altar of Makhleb,
 11406 | D:8      | Found a stormy altar of Qazlal,
 11407 | D:8      | Found a sparkling altar of Nemelex Xobeh,
 11579 | D:8      | Noticed a two-headed ogre
 11634 | D:8      | Killed a two-headed ogre
 11634 | D:8      | Reached skill level 1 in Fighting
 11634 | D:8      | Reached XP level 10. HP: 53/53 MP: 0/20
 11908 | D:9      | Reached skill level 10 in Air Magic
 12017 | D:4      | Got an ancient robe
 12028 | D:4      | Identified the cursed +1 robe "Lotuinoth" {rPois rN+ Int-5}
                  | (You found it on level 4 of the Dungeon)
 12785 | D:9      | Reached skill level 10 in Conjurations
 12915 | D:9      | Found a staircase to the Lair,
 12953 | D:9      | Noticed a two-headed ogre
 13643 | D:9      | Found a shadowy altar of Dithmenos,
 14032 | D:9      | Killed a two-headed ogre
 14355 | D:10     | Entered Level 10 of the Dungeon
 14408 | D:10     | Reached XP level 11. HP: 57/62 MP: 17/23
 14442 | D:10     | Reached ** piety under Vehumet
 14442 | D:10     | Offered knowledge of Freeze by Vehumet.
 15410 | D:10     | Noticed a two-headed ogre
 15420 | D:10     | Killed a two-headed ogre
 15565 | D:10     | Reached skill level 5 in Fighting
 16077 | Lair:1   | Entered Level 1 of the Lair of Beasts
 16786 | Lair:1   | Offered knowledge of Conjure Flame by Vehumet.
 16827 | Lair:1   | HP: 1/64 [rime drake/flash freeze (21)]
 17983 | Lair:2   | Reached *** piety under Vehumet
 18271 | Lair:2   | Reached XP level 12. HP: 70/70 MP: 10/25
 19578 | Lair:3   | Noticed a four-headed hydra
 20948 | Lair:3   | Killed a four-headed hydra
 21029 | Lair:4   | Noticed an eight-headed hydra
 21033 | Lair:4   | Killed an eight-headed hydra
 21324 | Lair:4   | Got a pitted leather armour
 21336 | Lair:4   | Noticed an eight-headed hydra
 21339 | Lair:4   | Killed an eight-headed hydra
 21454 | Lair:4   | Offered knowledge of Mephitic Cloud by Vehumet.
 21572 | Lair:3   | Identified the +1 leather armour of Kihicis {Stlth+} (You
                  | found it on level 4 of the Lair of Beasts)
 21732 | Lair:4   | Noticed Josephine
 22103 | Lair:4   | Found a staircase to the Snake Pit,
 22535 | Lair:4   | Found a staircase to the Shoals,
 22624 | Lair:4   | Noticed Nessos
 22625 | Lair:4   | Noticed Nessos
 22625 | Lair:4   | Nessos changed into Nessos the moth of wrath
 22628 | Lair:4   | Killed Nessos the moth of wrath
 22734 | Lair:4   | Reached XP level 13. HP: 78/78 MP: 0/27
 23012 | Lair:4   | Killed Josephine
 23449 | Lair:5   | Learned a level 2 spell: Blink
 23583 | Lair:5   | Reached skill level 10 in Dodging
 23785 | Lair:5   | Reached skill level 1 in Translocations
 24481 | Lair:5   | You are sucked into a shaft and drop 1 floor!
 24481 | Lair:6   | Entered Level 6 of the Lair of Beasts
 24500 | Lair:6   | Slain by a blink frog

Levels and vault maps discovered:
D:1:      giann_wishing_wells, layout_basic
D:2:      layout_basic, grunt_decor_mini_mirrors
D:3:      layout_basic, uniq_crazy_yiuf_cottage
D:4:      layout_cave_pods, first_ration, kennysheep_okawaru_gauntlet
D:5:      layout_basic
D:6:      layout_loops_ring, minmay_temple_entry_statues_pillars, serial_shops,
          shop
D:7:      layout_gridville, lemuel_round_altar, basic_altar, minmay_between
D:8:      layout_basic, grunt_temple_overflow_open, ebering_ghost_inner_flame
D:9:      minmay_cornered_nines, layout_grid_maze, kennysheep_mini,
          minmay_lair_entry_grove
D:10:     layout_basic, grunt_ogre_cave
Temple:   nicolae_temple_great_sept
Lair:1:   layout_roguey
Lair:2:   layout_regular_city, grunt_forest_stairs_clearing
Lair:3:   layout_long_grid, grunt_megastairs_1
Lair:4:   layout_loops_ring, elwin_shoals_entry_rocks,
          minmay_snake_entry_six_corridors, gammafunk_lair_bear_cave,
          lemuel_fruit_tree, minmay_lair_oklob_chamber, serial_bayou_shore_b,
          uniq_josephine, uniq_urug, uniq_nessos
Lair:5:   layout_cave_pods, serial_bayou_shore_a
Lair:6:   grunt_lair_end_beastmaster, layout_big_grid,
          dpeg_slime_entry_enclosed_altar

Skill      XL: |  1  2  3  4  5  6  7  8  9 10 11 12 13 |
---------------+----------------------------------------+-----
Conjurations   | 2 3 4 5 6 7 9 10 11 13 | 13.5
Air Magic      | 5 6 7 8 9 11 12 13 | 13.0
Spellcasting   | 3 4 5 6 7 8 9 |  9.9
Dodging        | 3 4 5 6 8 9 10 | 10.1
Shields        | 3 4 |  4.1
Fighting       | 1 4 6 8 |  8.5
Translocations | 1 |  1.0
Stealth        | |  2.0

Action                   |  1- 3 |  4- 6 |  7- 9 | 10-12 | 13-15 || total
-------------------------+-------+-------+-------+-------+-------++-------
Melee: Club              |     8 |       |       |       |       ||     8
       Kick              |     2 |     7 |     2 |    29 |     2 ||    42
       Peck              |     2 |     2 |       |    16 |     1 ||    21
       Unarmed           |     1 |       |       |       |       ||     1
       Dagger            |     1 |    34 |     7 |    78 |    16 ||   136
 Fire: Hunting sling     |     2 |     1 |     4 |       |       ||     7
Throw: Dart              |       |     2 |     4 |    38 |     1 ||    45
 Cast: Shock             |    91 |    95 |   110 |   179 |     2 ||   477
       Airstrike         |       |    14 |    79 |   237 |    47 ||   377
       Lightning Bolt    |       |       |     6 |    19 |     3 ||    28
 Abil: Fly               |       |     1 |       |       |       ||     1
Evoke: Wand              |       |       |       |     1 |     1 ||     2
  Use: Scroll            |       |    10 |     7 |     5 |     1 ||    23
       Potion            |       |       |       |     1 |     1 ||     2
 Stab: Sleeping          |       |     1 |       |       |       ||     1
  Eat: Chunk             |     3 |    11 |    22 |    43 |     2 ||    81
       Ration            |       |     1 |     3 |     3 |     2 ||     9
Armor: Robe              |     4 |     8 |     5 |       |       ||    17
       Leather armour    |       |       |     1 |    15 |     5 ||    21
       Skin              |       |       |       |       |    13 ||    13
Dodge: Dodged            |    22 |    42 |    44 |   138 |    49 ||   295
Block: Buckler           |       |       |     1 |    50 |    44 ||    95

Table legend:
 A = Non-vault XP
 B = Vault XP
 C = Vault XP percentage of total XP
 D = Non-vault monster count
 E = Vault monster count
 F = Vault count percentage of total count
                 A         B        C        D         E       F
            +---------+---------+-------+---------+---------+-------
      Total |   28120 |    9562 |  25.4 |     289 |      53 |  15.5
            +---------+---------+-------+---------+---------+-------
        D:1 |      52 |       0 |   0.0 |      27 |       0 |   0.0
        D:2 |     148 |       0 |   0.0 |      33 |       0 |   0.0
        D:3 |     119 |      39 |  24.7 |      27 |       1 |   3.6
        D:4 |     478 |       3 |   0.6 |      15 |       2 |  11.8
        D:5 |     377 |       0 |   0.0 |       8 |       0 |   0.0
        D:6 |     661 |       0 |   0.0 |      15 |       0 |   0.0
        D:7 |     406 |     122 |  23.1 |      13 |       3 |  18.8
        D:8 |    2365 |     672 |  22.1 |      26 |       4 |  13.3
        D:9 |    1522 |    2091 |  57.9 |      21 |      11 |  34.4
       D:10 |    2726 |     204 |   7.0 |      33 |       1 |   2.9
     Lair:1 |    4498 |       0 |   0.0 |      18 |       0 |   0.0
     Lair:2 |    1693 |     989 |  36.9 |       9 |       6 |  40.0
     Lair:3 |    5960 |     303 |   4.8 |      19 |       4 |  17.4
     Lair:4 |    3088 |    5139 |  62.5 |       9 |      21 |  70.0
     Lair:5 |    3315 |       0 |   0.0 |      14 |       0 |   0.0
     Lair:6 |     712 |       0 |   0.0 |       2 |       0 |   0.0
            +---------+---------+-------+---------+---------+-------
